 Dungeon Crawl Stone Soup version 0.30-a0-913-g9934a0ce24 (webtiles) character file.

Game seed: 10843562657239381890

4557 porpoise the Vexing (level 10, -2/56 HPs)
             Began as a Deep Elf Conjurer on Mar 20, 2023.
             Was a Believer of Vehumet.
             Slain by Grum
             ... wielding a +0 spear
              (21 damage)
             ... on level 8 of the Dungeon.
             The game lasted 00:40:54 (8261 turns).

porpoise the Vexing (Deep Elf Conjurer)             Turns: 8261, Time: 00:40:56

Health: -2/56      AC:  7    Str:  6    XL:     10   Next: 18%
Magic:  1/19       EV: 15    Int: 32    God:    Vehumet [**....]
Gold:   509        SH:  0    Dex: 13    Spells: 2/19 levels left

rFire   . . .      SeeInvis .    a - staff of conjuration
rCold   . . .      Faith    .    (no shield)
rNeg    + . .      Spirit   .    l - +1 robe {rN+}
rPois   +          Reflect  .    d - +0 hat {Will+}
rElec   .          Rampage  .    z - +2 cloak
rCorr   .                        G - +0 pair of gloves
Will    ++...                    (no boots)
Stlth   +++                      (no amulet)
HPRegen 0.29/turn                v - +6 ring of intelligence
MPRegen 0.16/turn                K - ring of poison resistance

@: no status effects
A: no striking features
a: Renounce Religion


You were on level 8 of the Dungeon.
You worshipped Vehumet.
Vehumet was pleased with you.
You visited 1 branch of the dungeon, and saw 8 of its levels.

You collected 509 gold pieces.

Inventory:

Hand Weapons
 b - a +0 sling
 w - a +2 dagger of venom
Missiles
 i - 11 poisoned darts
 m - 13 boomerangs
 r - 3 atropa-tipped darts
Armour
 d - a +0 hat of willpower (worn)
 l - a +1 robe of positive energy (worn)
 z - a +2 cloak (worn)
 F - a +2 leather armour of positive energy
 G - a +0 pair of gloves (worn)
Magical Staves
 a - a staff of conjuration (weapon)
 u - a staff of cold
 J - a staff of air
Jewellery
 v - a +6 ring of intelligence (left hand)
 y - a ring of flight
 I - the ring "Nidaoboth" {Str+2 Int+6}
   (You found it on level 5 of the Dungeon)

   [ring of intelligence]

   Str:       It affects your strength (+2).
   Int:       It affects your intelligence (+6).
 K - a ring of poison resistance (right hand)
Wands
 E - a wand of flame (25)
 L - a wand of roots (15)
Scrolls
 e - a scroll of poison
 g - a scroll of teleportation
 p - a scroll of magic mapping
 q - a scroll of immolation {unknown}
 t - 2 scrolls of amnesia
 A - a scroll of enchant weapon {unknown}
 B - a scroll of blinking
 D - a scroll of fog {unknown}
 M - a scroll of fear
Potions
 c - a potion of lignification
 f - 3 potions of invisibility
 h - 3 potions of magic
 j - 2 potions of heal wounds
 k - 4 potions of attraction
 n - 3 potions of flight
 o - 2 potions of might
 s - 2 potions of curing
 x - a potion of haste
 H - a potion of ambrosia {unknown}


   Skills:
 + Level 3.0 Fighting
 - Level 7.0 Dodging
 - Level 7.0 Stealth
 - Level 5.0 Spellcasting
 - Level 7.0 Conjurations
 - Level 7.0 Hexes
 + Level 6.0 Summonings
 - Level 5.0 Translocations
 - Level 3.0 Air Magic
 - Level 5.0 Poison Magic


You had 2 spell levels left.
You knew the following spells:

 Your Spells              Type           Power      Damage    Failure   Level
a - Magic Dart            Conj           100%       1d8       1%          1
b - Searing Ray           Conj           100%       2d8       1%          2
c - Fulminant Prism       Conj/Hex       34%        3d15      2%          4
d - Iskenderun's Mystic   Conj/Tloc      62%        2d13      4%          4
k - Call Canine Familiar  Summ           46%        N/A       1%          3
m - Mephitic Cloud        Conj/Pois/Air  56%        N/A       1%          3

Your spell library contained the following spells:

 Spells                   Type           Power      Damage    Failure   Level
 Static Discharge         Conj/Air       100%       2-7/arc   1%          2
 Call Imp                 Summ           46%        N/A       1%          2
 Dazzling Flash           Conj/Hex       100%       N/A       1%          3
 Portal Projectile        Hex/Tloc       92%        N/A       1%          3
 Leda's Liquefaction      Hex/Erth       15%        N/A       12%         4
 Silence                  Hex/Air        20%        N/A       19%         5
 Agony                    Necr           8%         N/A       80%         5


Dungeon Overview and Level Annotations

Branches:
Dungeon (8/15)             Temple (0/1) D:5            Lair (0/5) D:8

Altars:
Cheibriados
Makhleb
Uskayaw
Vehumet
Wu Jian
Zin

Shops:
D:2 =

Annotations:
D:8 Grum


Message History

The wolf completely misses your wolf.
Your wolf bites the wolf.
The wolf dies!
Vehumet accepts your kill.
Your Summonings skill increases to level 6!
Casting: Call Canine Familiar (safe; 1% risk of failure)
Confirm with . or Enter, or press ? or * to list all spells.
Aiming: Fulminant Prism (dangerous; 2% risk of failure)
Press: ? - help, Dir - move target You feel a surge of power!
You conjure a prism of explosive energy!
A fulminant prism comes into view.
Your wolf bites Grum.
Your wolf closely misses Grum.
Grum hits you from afar with a +0 spear!
Your fulminant prism crackles loudly.
Your wolf bites Grum.
Your wolf bites Grum but does no damage.
Grum hits you from afar with a +0 spear.
Your fulminant prism explodes!
The blast of energy engulfs Grum!!
Grum is severely wounded.
The blast of energy engulfs the wolf!
The wolf is heavily wounded.
The blast of energy engulfs your wolf!!
You kill your wolf!
Your wolf's corpse disappears in a puff of smoke!
You hear a shout!
Casting: Fulminant Prism (dangerous; 2% risk of failure)
Confirm with . or Enter, or press ? or * to list all spells.
Aiming: Searing Ray (safe; 1% risk of failure)
Press: ? - help, Shift-Dir - straight line, f - Grum
Aim: Grum, wielding a +0 spear and wearing a +0 animal skin (severely wounded, 85% to hit)
You feel a surge of power!
The searing ray hits Grum!
Grum is almost dead.
The searing ray hits the wolf!
You kill the wolf!
Vehumet accepts your kill.
You feel your power returning. (Press . to maintain the ray.) Grum hits you from afar with a +0 spear!!
You die...

,,,,.,,*#......,,,,,*
,,,,#.,*#...#.#***#.#
****#..##...#.### #.#
*,,!...........# #.#
**,**,,*#..[#.#.# #.#
,,,**,,*#...#.#.# #.#
**,#*,,*#...#.#.# #.# ***###**
,,,....##.<...#.###.####.....,*
**,........)....@§g.)[..._...,**
*,##.#####.#)########._.....,,**
**,**,****#.#.#******,..h.h..,,,,
,,,,,,,,,,.....,,,,,,,...8.._,***
**,******####.##*****,.......,*
*,* #.# **._...g.** *,* #.#
*..._...* *,* #.# *.#...##* *,*
*,* *,,,***


You could see Grum.

Vanquished Creatures
  Gastronok (D:8)
  5 yaks (D:8)
  A wyvern (D:7)
  Menkaure (D:4)
  3 ice beasts
  A black bear (D:5)
  2 orc warriors
  A sky beast (D:6)
  An ogre (D:6)
  2 centaurs (D:7)
  3 wolves (D:8)
  A scorpion (D:6)
  3 bullfrogs
  5 wights (D:6)
  3 hounds
  A jelly (D:4)
  4 orc priests
  A gnoll bouda (D:7)
  3 sleepcaps
  3 iguanas
  6 orc wizards
  Ijyb (D:5)
  10 gnolls
  8 adders
  A shadow imp (D:7)
  2 white imps
  4 worms
  2 dart slugs (D:4)
  27 orcs
  5 ball pythons
  4 bats
  5 endoplasms
  4 giant cockroaches
  3 goblins
  7 hobgoblins
  8 jackals
  2 quokkas
  2 frilled lizards (D:1)
  9 kobolds
  5 rats
160 creatures vanquished.

Vanquished Creatures (collateral kills)
  A wolf (D:8)
1 creature vanquished.

Vanquished Creatures (others)
  10 fulminant prisms
  20 fungi (D:8)
  24 plants (D:8)
54 creatures vanquished.

Grand Total: 215 creatures vanquished

Notes
Turn   | Place    | Note
-------+----------+-------------------------------------------
     0 | D:1      | porpoise the Deep Elf Conjurer began the quest for the Orb.
     0 | D:1      | Reached XP level 1. HP: 10/10 MP: 6/6
   131 | D:1      | Reached XP level 2. HP: 15/15 MP: 3/8
   269 | D:1      | Learned a level 2 spell: Searing Ray
   269 | D:1      | Found a faded altar of an unknown god.
   997 | D:2      | Reached XP level 3. HP: 19/19 MP: 7/10
  1000 | D:2      | Reached skill level 5 in Conjurations
  1405 | D:2      | Found Unyupt's Jewellery Shop.
  1576 | D:2      | Reached XP level 4. HP: 24/24 MP: 10/12
  1885 | D:2      | Learned a level 4 spell: Fulminant Prism
  2890 | D:4      | Reached skill level 1 in Hexes
  3122 | D:4      | Reached skill level 5 in Spellcasting
  3122 | D:4      | Reached XP level 5. HP: 28/28 MP: 8/14
  3598 | D:4      | Noticed Menkaure
  3607 | D:4      | Killed Menkaure
  3608 | D:4      | Reached XP level 6. HP: 20/32 MP: 6/15
  3671 | D:4      | Learned a level 4 spell: Iskenderun's Mystic Blast
  3774 | D:4      | Identified the +7 plate armour of Ru's Castigation {rElec
                  | rN+++ Will- Stlth-}
  4113 | D:5      | Entered Level 5 of the Dungeon
  4231 | D:5      | Reached skill level 5 in Hexes
  4415 | D:5      | Reached skill level 5 in Stealth
  4415 | D:5      | Reached XP level 7. HP: 36/36 MP: 11/16
  4651 | D:5      | Noticed Ijyb
  4657 | D:5      | Killed Ijyb
  4897 | D:5      | Found a radiant altar of Vehumet.
  4918 | D:5      | Became a worshipper of Vehumet
  4978 | D:5      | Identified the ring "Nidaoboth" {Str+2 Int+6}
  5127 | D:5      | Found a staircase to the Ecumenical Temple.
  5589 | D:6      | Reached skill level 1 in Fighting
  5755 | D:6      | Reached XP level 8. HP: 25/43 MP: 8/17
  5823 | D:6      | Learned a level 3 spell: Mephitic Cloud
  6105 | D:6      | Reached skill level 1 in Translocations
  6258 | D:6      | Reached skill level 1 in Air Magic
  6258 | D:6      | Reached * piety under Vehumet
  6258 | D:6      | Offered knowledge of Shock by Vehumet.
  6874 | D:7      | Reached skill level 5 in Translocations
  6928 | D:7      | Reached skill level 1 in Poison Magic
  6928 | D:7      | Reached XP level 9. HP: 27/50 MP: 2/18
  7428 | D:7      | Learned a level 3 spell: Call Canine Familiar
  7857 | D:7      | Reached skill level 1 in Summonings
  7908 | D:8      | Found a glowing silver altar of Zin.
  7926 | D:8      | Reached skill level 5 in Dodging
  8047 | D:8      | Noticed Gastronok
  8156 | D:8      | HP: 1/50 [Gastronok (31)]
  8163 | D:8      | Killed Gastronok
  8164 | D:8      | Reached skill level 5 in Summonings
  8164 | D:8      | Reached skill level 5 in Poison Magic
  8164 | D:8      | Reached XP level 10. HP: 12/56 MP: 3/19
  8236 | D:8      | Found a hide-covered altar of Uskayaw.
  8239 | D:8      | Found an ornate altar of the Wu Jian Council.
  8239 | D:8      | Found a burning altar of Makhleb.
  8239 | D:8      | Found a snail-covered altar of Cheibriados.
  8239 | D:8      | Noticed Grum
  8246 | D:8      | Reached ** piety under Vehumet
  8246 | D:8      | Offered knowledge of Static Discharge by Vehumet.
  8261 | D:8      | Slain by Grum

Illustrated notes

Levels and vault maps discovered:
D:1:      moated_graveyard_arrival, layout_basic,
          dreamdust_ecumenical_altar_grove, skrybe_limestone_x,
          hangedman_decor_push
D:2:      layout_loops_ring, serial_shops, nicolae_shop_trees,
          kennysheep_generic_room_13
D:3:      layout_basic
D:4:      layout_layer_cave, uniq_menkaure
D:5:      layout_rooms, mainiacjoe_overflow_chevrons,
          minmay_temple_entry_enclosed_plants, minmay_misc_feat_more_columns,
          nrook_uturn, hangedman_abyss_or_decor_passed, grunt_decor_clamped,
          minivault_23, uniq_ijyb
D:6:      layout_gridville
D:7:      layout_cave_pools
D:8:      layout_loops_ring, grunt_temple_overflow_open,
          grunt_lair_entry_orc_guard_hut, enter_bailey_3, uniq_gastronok,
          uniq_joseph, uniq_grum

Skill      XL: |  1  2  3  4  5  6  7  8  9 10 |
---------------+-------------------------------+-----
Spellcasting   | 4 5 |  5.0
Conjurations   | 5 6 7 |  7.0
Stealth        | 3 4 5 6 7 |  7.0
Hexes          | 2 4 5 7 |  7.0
Fighting       | 1 3 |  3.0
Translocations | 5 |  5.0
Air Magic      | 2 3 |  3.0
Poison Magic   | 1 5 |  5.0
Dodging        | 6 7 |  7.0
Summonings     | 5 6 |  6.0

Action                     |  1- 3 |  4- 6 |  7- 9 | 10-12 || total
---------------------------+-------+-------+-------+-------++-------
  Melee: Dagger            |       |       |    12 |       ||    12
   Fire: Sling             |       |    21 |    14 |       ||    35
   Cast: Magic Dart        |    46 |    17 |     4 |       ||    67
         Searing Ray       |     9 |    29 |    60 |     3 ||   101
         Fulminant Prism   |       |       |     8 |     2 ||    10
         Iskenderun's Myst |       |       |     2 |       ||     2
         Mephitic Cloud    |       |       |     2 |       ||     2
         Call Canine Famil |       |       |     1 |     1 ||     2
    Use: Scroll            |       |     8 |     9 |       ||    17
         Potion            |       |       |     1 |       ||     1
 Armour: Robe              |       |     4 |    26 |       ||    30
  Dodge: Dodged            |       |    12 |    50 |     3 ||    65

Table legend: (Time is in decaauts)
 A = Elapsed time spent in this place.
 B = Non-inter-level travel time spent in this place.
 C = Inter-level travel time spent in this place.
 D = Time resting spent in this place.
 E = Time spent auto-exploring this place.
 F = Levels seen in this place.
 G = Mean time per level.
                   A        B        C        D        E       F      G
               +--------+--------+--------+--------+--------+-----+--------+
         Total |   8256 |   8000 |    256 |   3069 |   3740 |   8 | 1032.0 |
       Dungeon |   8256 |   8000 |    256 |   3069 |   3740 |   8 | 1032.0 |
               +--------+--------+--------+--------+--------+-----+--------+

Top non-repeatable levels by time:
     D:6: 1698 daAuts
     D:4: 1254 daAuts
     D:7: 1254 daAuts
     D:2: 1087 daAuts
     D:5: 1013 daAuts
     D:1: 992 daAuts
     D:3: 783 daAuts
     D:8: 172 daAuts
